 Dungeon Crawl Stone Soup version 0.23-b1-67-g8bd44de (webtiles) character file.

Game seed: 15791873682603842577

745 Monsterracer the Chopper (level 7, -1/66 HPs)
             Began as a Gargoyle Chaos Knight on Feb 5, 2019.
             Was an Initiate of Lugonu.
             Slain by a sixfirhy (12 damage)
             ... summoned by Xom
             ... on level 5 of the Dungeon.
             The game lasted 00:05:16 (3449 turns).

Monsterracer the Chopper (Gargoyle Chaos Knight)    Turns: 3449, Time: 00:05:17

Health: -1/66      AC: 23    Str: 18    XL:     7   Next: 76%
Magic:  7/7        EV:  2    Int: 17    God:    Lugonu [......]
Gold:   177        SH:  5    Dex: 14    Spells: 6/6 levels left

rFire    + . .     SeeInvis +   (no weapon)
rCold    . . .     Gourm    .   i - +0 buckler
rNeg     + + +     Faith    .   (armour currently unavailable)
rPois    ∞         Spirit   .   (helmet currently unavailable)
rElec    .         Reflect  .   (cloak currently unavailable)
rCorr    .         Harm     .   (gloves currently unavailable)
MR       .....     NoTele   +   (boots currently unavailable)
Stlth    ++........             (no amulet)
HPRegen  0.21/turn              F - ring of protection from fire {!d}
MPRegen  0.10/turn              (no ring)

@: brilliant, agile, tree-form, hasted (expiring), very quick
A: see invisible, negative energy resistance 1, petrification resistance, rot
immunity, AC +4
a: Renounce Religion


You were on level 5 of the Dungeon.
You worshipped Lugonu.
Lugonu was noncommittal.
You were not hungry.
You were a tree.
You visited 1 branch of the dungeon, and saw 5 of its levels.
You visited the Abyss 1 time.

You collected 177 gold pieces.

Inventory:

Hand Weapons
 a - a +1 hand axe of electrocution
 b - a +0 flail of crushing
 t - a +0 war axe
Armour
 i - a +0 buckler (worn)
 s - a +0 large shield
 u - a +2 leather armour (melded)
Jewellery
 F - a ring of protection from fire (left branch) {!d}
Scrolls
 j - a scroll of fear {unknown}
 l - a scroll of identify {unknown}
 m - 3 scrolls of magic mapping
 n - a scroll of amnesia
 p - a scroll of random uselessness {unknown}
 q - a scroll of fog {unknown}
 r - 6 scrolls of remove curse
 v - a scroll of blinking {unknown}
Potions
 e - 2 potions of curing
 f - a potion of agility
Comestibles
 c - 4 rations


   Skills:
 + Level 4.9 Fighting
 * Level 5.2 Axes
 + Level 4.3 Armour
 + Level 2.8 Dodging
 + Level 3.1 Shields


You had 6 spell levels left.
You didn't know any spells.
Your spell library was empty.

Dungeon Overview and Level Annotations

Branches:
Dungeon (5/15)
 Temple: D:4-7

Altars:
Fedhas
Sif Muna
Uskayaw
Xom
The Shining One


Innate Abilities, Weirdness & Mutations

You are resistant to torment.
((Your stone body is resilient. (AC +4)))
You are immune to poison.
You resist negative energy. (rN+)
((You are resistant to electric shocks. (rElec)))
((You can survive without breathing.))
You are immune to petrification.
You are immune to rotting.
((You have a pair of small horns on your head.))
You have supernaturally acute eyesight. (SInv)
((You can translocate small distances at will.))


Message History

You hit the white imp.
Lightning courses through the white imp!
You kill the white imp!
You hit the shadow imp but do no damage.
Lightning courses through the shadow imp!!
You kill the shadow imp!
You slash the shadow imp!
Lightning courses through the shadow imp!
You kill the shadow imp!
The sixfirhy misses you. The sixfirhy closely misses you.
You miss the sixfirhy. You hit the quasit but do no damage.
You hit the ufetubus. You hit the crimson imp.
The sixfirhy hits you but does no damage.
The sixfirhy hits you!
* * * LOW HITPOINT WARNING * * *
The sixfirhy shocks you. You resist.
* * * LOW HITPOINT WARNING * * *
The sixfirhy misses you. The quasit misses you.
The quasit completely misses you. The quasit barely misses you.
The ufetubus hits you but does no damage. x2
The crimson imp barely misses you.
The sixfirhy hits you but does no damage.
The quasit misses you. x2; The quasit completely misses you.
You take 11 damage, and have 13/44 hp.
MASSIVE DAMAGE!!
Unknown command.
It was a potion of brilliance.
You feel clever all of a sudden. The sixfirhy hits you.
* * * LOW HITPOINT WARNING * * *
The sixfirhy shocks you. You resist.
* * * LOW HITPOINT WARNING * * *
The ufetubus misses you. The ufetubus closely misses you.
The sixfirhy misses you. The crimson imp barely misses you.
You take 7 damage, and have 6/44 hp.
It was a potion of flight.
You feel very buoyant.
You fly up into the air.
You block the quasit's attack. The quasit barely misses you.
The quasit claws you but does no damage.
The ufetubus misses you. You block the ufetubus's attack.
The shadow imp hits you but does no damage.
It was a potion of lignification.
You turn into a tree.
Your +2 leather armour melds into your body.
Your roots penetrate the ground.
You block the ufetubus's attack.
The ufetubus hits you but does no damage.
The quasit bites you but does no damage.
You block the quasit's attack. x2
The crimson imp hits you but does no damage.
You now have 9/66 hp.
You feel much better. The ufetubus barely misses you.
The ufetubus hits you but does no damage.
The shadow imp hits you but does no damage.
The quasit barely misses you.
The quasit claws you but does no damage. x2
The crimson imp hits you but does no damage.
You regained 25 hp, and now have 34/66 hp.
You closely miss the sixfirhy. You hit the crimson imp.
Lightning courses through the crimson imp!!
You kill the crimson imp!
You barely miss the ufetubus.
You hit the shadow imp but do no damage.
Lightning courses through the shadow imp!!
You kill the shadow imp!
You completely miss the quasit. You block the sixfirhy's attack.
The ufetubus barely misses you.
The ufetubus hits you but does no damage.
The quasit bites you but does no damage.
The quasit claws you but does no damage. x2
The sixfirhy hits you but does no damage.
You hit the sixfirhy but do no damage. You hit the quasit.
Lightning courses through the quasit!
You kill the quasit!
You hit the ufetubus.
Your extra speed is starting to run out.
The sixfirhy barely misses you. The sixfirhy hits you. The sixfirhy shocks you!
* * * LOW HITPOINT WARNING * * *
The ufetubus hits you.
* * * LOW HITPOINT WARNING * * *
The ufetubus hits you.
* * * LOW HITPOINT WARNING * * *
The sixfirhy hits you but does no damage.
The ufetubus hits you but does no damage.
The ufetubus hits you.
* * * LOW HITPOINT WARNING * * *
You take 15 damage, and have 19/66 hp.
MASSIVE DAMAGE!!
Unknown command.
Wield which item (- for none, * to show all)? (? for menu, Esc to quit)
Your +1 hand axe of electrocution stops crackling.
You are now empty-handed.
Unknown command.
Really attack barehanded? [Y]es or [N]o only, please.
Really attack barehanded?
You smack the sixfirhy!
The sixfirhy is moderately wounded.
The sixfirhy hits you but does no damage.
The sixfirhy hits you!
* * * LOW HITPOINT WARNING * * *
The sixfirhy shocks you!
You die...

#?.......
#........
########
#..♣3..#
#..5...#
#......#
#........
...........
............
.#...........
..#.....######


You could see a sixfirhy and an ufetubus.

Vanquished Creatures
  Sigmund (D:4)
  A phantom (D:4)
  A killer bee (D:5)
  2 crimson imps (D:5)
  2 orc priests (D:4)
  A centaur skeleton (D:4)
  An orc wizard (D:4)
  An iguana (D:4)
  4 worker ants (D:4)
  A hound skeleton (D:4)
  7 adders
  An ooze (D:2)
  An adder skeleton (D:4)
  5 dart slugs
  6 leopard geckos
  7 orcs
  2 giant cockroaches
  A goblin (D:1)
  4 hobgoblins
  A quokka (D:2)
  8 bats
  4 frilled lizards
  8 kobolds
  6 rats
76 creatures vanquished.

Notes
Turn   | Place    | Note
-------+----------+-------------------------------------------
     0 | D:1      | Monsterracer the Gargoyle Chaos Knight began the quest for
                  | the Orb.
     0 | D:1      | Reached XP level 1. HP: 14/14 MP: 1/1
    21 | D:1      | XOM: divination: detect creatures
   233 | D:1      | Reached skill level 1 in Dodging
   233 | D:1      | Reached XP level 2. HP: 19/19 MP: 2/2
   279 | D:1      | Reached skill level 3 in Axes
   754 | D:1      | Reached XP level 3. HP: 23/23 MP: 3/3
   946 | D:2      | XOM: divination: magic mapping
   973 | D:2      | XOM: smoke on damage
  1243 | D:2      | Found a deep blue altar of Sif Muna.
  1250 | D:2      | Reached XP level 4. HP: 23/29 MP: 4/4
  1311 | D:2      | XOM: god gift: large shield {god gift}
  1517 | D:3      | Found a shimmering altar of Xom.
  1702 | D:3      | XOM: give mutations
  1702 | D:3      | Gained mutation: You have supernaturally acute eyesight.
                  | (SInv) [Xom's grace]
  1702 | D:3      | Gained mutation: You have a pair of small horns on your
                  | head. [Xom's grace]
  1702 | D:3      | Gained mutation: You can translocate small distances at
                  | will. [Xom's grace]
  1826 | D:3      | Found a blossoming altar of Fedhas.
  2118 | D:3      | XOM: scenery: create altars
  2225 | D:4      | XOM: god gift: 15 arrows
  2241 | D:4      | Reached skill level 1 in Shields
  2245 | D:4      | Noticed Sigmund
  2245 | D:4      | XOM: scenery: create altars
  2251 | D:4      | Killed Sigmund
  2251 | D:4      | Reached skill level 4 in Axes
  2251 | D:4      | Reached XP level 5. HP: 25/33 MP: 5/5
  2251 | D:4      | Reached XP level 6. HP: 29/38 MP: 6/6
  2339 | D:4      | XOM: medium Tmut miscast
  2347 | D:4      | XOM: fog
  2359 | D:4      | XOM: enchant monster (bad)
  2494 | D:4      | Found a glowing golden altar of the Shining One.
  2609 | D:4      | XOM: 1-stop teleportation journey
  2629 | D:4      | Reached XP level 7. HP: 44/44 MP: 7/7
  2819 | D:4      | XOM: swap monsters
  2915 | D:4      | XOM: 2-stop teleportation journey
  2955 | D:4      | XOM: severe Tloc miscast
  2955 | D:4      | Cast into level 2 of the Abyss (the severe capriciousness
                  | of Xom)
  2980 | Abyss:2  | Found a corrupted altar of Lugonu.
  2993 | Abyss:2  | Noticed a rakshasa
  2993 | Abyss:2  | Noticed a worldbinder
  2994 | Abyss:2  | HP: 20/44 [rakshasa/orb of energy (24)]
  2997 | Abyss:2  | Noticed a naga
  2998 | Abyss:2  | Fell from the grace of Xom
  2998 | Abyss:2  | Became a worshipper of Lugonu the Unformed
  2998 | Abyss:2  | Reached * piety under Lugonu
  2998 | Abyss:2  | Noticed a black mamba
  2999 | D:4      | Escaped the Abyss
  3180 | D:4      | XOM: god gift: 13 gold pieces
  3205 | D:4      | Noticed a +0 dagger
  3206 | D:4      | Found a hide-covered altar of Uskayaw.
  3206 | D:4      | Noticed a +0 dagger
  3361 | D:5      | Entered Level 5 of the Dungeon
  3366 | D:5      | Reached skill level 5 in Axes
  3394 | D:5      | HP: 22/44 [killer bee (2)]
  3398 | D:5      | HP: 10/44 [centaur (1)]
  3427 | D:5      | XOM: summons 14 hostile demons
  3428 | D:5      | Noticed a sixfirhy
  3430 | D:5      | HP: 17/44 [sixfirhy[Xom] (1)]
  3441 | D:5      | HP: 16/44 [sixfirhy[Xom] (8)]
  3442 | D:5      | HP: 6/44 [sixfirhy[Xom] (4)]
  3447 | D:5      | HP: 25/66 [sixfirhy[Xom] (9)]
  3449 | D:5      | HP: 11/66 [sixfirhy[Xom] (8)]
  3449 | D:5      | Slain by a sixfirhy

Skill      XL: |  1  2  3  4  5  6  7 |
---------------+----------------------+-----
Dodging        | 1 2 |  2.8
Axes           | 3 4 5 |  5.2
Armour         | 3 4 |  4.3
Shields        | 1 2 3 |  3.1
Fighting       | 4 |  4.9

Action                   |  1- 3 |  4- 6 |  7- 9 || total
-------------------------+-------+-------+-------++-------
Melee: Hand axe          |    98 |    69 |    67 ||   234
       Headbutt          |       |     6 |     7 ||    13
       Unarmed           |       |       |     1 ||     1
Invok: Depart the Abyss  |       |       |     1 ||     1
  Use: Scroll            |       |     2 |     2 ||     4
       Potion            |       |       |    10 ||    10
 Stab: Paralysed         |     2 |       |       ||     2
       Sleeping          |       |       |     1 ||     1
  Eat: Chunk             |     1 |     1 |       ||     2
       Ration            |       |     1 |     1 ||     2
Armor: Leather armour    |    66 |    24 |    56 ||   146
       Skin              |       |       |    16 ||    16
Dodge: Dodged            |    60 |    41 |    99 ||   200
Block: Buckler           |     1 |    13 |    31 ||    45

Vault maps used:
D:1:      dpeg_arrival_line_fractal, glass_columns_a
D:2:      nicolae_overflow_hidden_temple, first_ration
D:3:      nicolae_overflow_crystal_walls, old_standard_altar
D:4:      kennysheep_mini_moat, dancing_weapons_uskayaw, uniq_sigmund
D:5:      chequers_temple_overflow_statue_of_worship, serial_park_tiny_1,
          nicolae_qazlal_eye_of_the_storm
